 Dungeon Crawl Stone Soup version 0.21.1-1-g345015f (webtiles) character file.

14836 tidbits the Martial Artist (level 12, 91/91 HPs)
             Began as a Gnoll Transmuter on Feb 14, 2018.
             Was a High Priest of Cheibriados.
             Quit the game in a volcano.
             The game lasted 00:49:42 (3701 turns).

tidbits the Martial Artist (Gnoll Transmuter)       Turns: 3701, Time: 00:49:42

Health: 91/91      AC:  9    Str: 25    XL:     12   Next: 20%
Magic:  24/24      EV: 21    Int: 30    God:    Cheibriados [*****.]
Gold:   553        SH:  7    Dex: 27    Spells: 14/28 levels left

rFire    . . .     SeeInvis .   a - +3 dagger (drain)
rCold    + . .     Gourm    .   D - +0 buckler
rNeg     . . .     Faith    .   B - +1 robe {rC+}
rPois    +         Spirit   .   E - +2 helmet
rElec    .         Reflect  .   (no cloak)
rCorr    .         Harm     .   G - +0 pair of gloves (curse)
MR       .....     Clarity  +   F - +0 pair of boots
Stlth    ++++......             R - amulet of regeneration
HPRegen  0.65/turn              W - ring of wizardry
MPRegen  0.19/turn              P - ring of poison resistance

@: very slow
A: distributed training, fangs 1, clarity, evolution 1, MP-powered wands, strong
nose
a: Bend Time, Temporal Distortion, Slouch, Step From Time, Renounce Religion


You were in a volcano.
You worshipped Cheibriados.
Cheibriados was extremely pleased with you.
You were not hungry.

You visited 3 branches of the dungeon, and saw 13 of its levels.
You also visited: Sewer, Ossuary and Volcano.

You collected 553 gold pieces.

Inventory:

Hand Weapons
 a - a +3 dagger of draining (weapon)
   (You took it off an orc priest on level 6 of the Dungeon)
 l - a +7 flail of pain
   (You took it off Edmund on level 4 of the Dungeon)
 o - a +0 hunting sling
 t - a +0 war axe
 u - a +0 long sword of holy wrath
   (You found it on level 5 of the Dungeon)
 y - a +2 short sword of electrocution
   (You took it off an orc warrior on level 10 of the Dungeon)
 Z - a cursed +1 scimitar of freezing
   (You took it off a wight on level 10 of the Dungeon)
Missiles
 h - 27 stones (quivered)
 w - 144 arrows
 N - 3 tomahawks
 T - 10 sling bullets
Armour
 i - the +0 ring mail of Miracles {Dex+4}
   (You found it on level 9 of the Dungeon)

   It affects your dexterity (+4).
 B - a +1 robe of cold resistance (worn)
   (You took it off Dowan on level 7 of the Dungeon)
 D - a +0 buckler (worn)
 E - a +2 helmet (worn)
 F - a +0 pair of boots (worn)
 G - a cursed +0 pair of gloves (worn)
 K - the +1 ring mail of the Trees {MR+ Stlth+}
   (You found it on level 7 of the Dungeon)

   It affects your resistance to hostile enchantments.
   It makes you more stealthy.
Magical Staves
 b - an uncursed staff of air {unknown}
   (You found it in a sewer)
Jewellery
 P - a ring of poison resistance (right hand)
   (You found it on level 4 of the Dungeon)
 R - an amulet of regeneration (around neck)
   (You found it on level 1 of the Dungeon)
 S - an uncursed ring of ice
   (You found it on level 8 of the Dungeon)
 W - a ring of wizardry (left hand)
   (You found it on level 1 of the Dungeon)
Wands
 m - a wand of disintegration (10)
 n - a wand of clouds (4)
 Q - a wand of flame (1)
Scrolls
 f - a scroll of enchant armour
 p - 2 scrolls of fog
 r - 4 scrolls of remove curse
 s - 3 scrolls of immolation
 z - a scroll of blinking
 C - a scroll of enchant weapon
 H - a scroll of noise
 J - 2 scrolls of fear
Potions
 j - 2 potions of heal wounds
 k - 2 potions of resistance
 v - 6 potions of curing
 A - 4 potions of flight
 I - 7 potions of brilliance
 L - 5 potions of might
 M - 2 potions of lignification
Books
 d - a book of Changes

   Spells                             Type                      Level
   a - Beastly Appendage              Transmutation                1
   b - Sticks to Snakes               Transmutation                2
   c - Spider Form                    Transmutation/Poison         3
   d - Ice Form                       Ice/Transmutation            4
   e - Blade Hands                    Transmutation                5
 q - a book of Conjurations
   (You found it on level 10 of the Dungeon)

   Spells                             Type                      Level
   a - Magic Dart                     Conjuration                  1
   b - Searing Ray                    Conjuration                  2
   c - Dazzling Spray                 Conjuration/Hexes            3
   d - Fulminant Prism                Conjuration/Hexes            4
   e - Force Lance                    Conjuration/Translocation    4
   f - Iskenderun's Mystic Blast      Conjuration                  4
 x - a book of Flames
   (You found it on level 6 of the Dungeon)

   Spells                             Type                      Level
   a - Flame Tongue                   Conjuration/Fire             1
   b - Throw Flame                    Conjuration/Fire             2
   c - Conjure Flame                  Conjuration/Fire             3
   d - Inner Flame                    Hexes/Fire                   3
   e - Sticky Flame                   Conjuration/Fire             4
   f - Fireball                       Conjuration/Fire             5
Comestibles
 c - 14 rations
 g - a chunk of flesh


   Skills:
 + Level 7.4 Fighting
 + Level 6.9 Short Blades
 + Level 6.9 Long Blades
 + Level 6.9 Axes
 + Level 6.9 Maces & Flails
 + Level 6.9 Polearms
 + Level 6.9 Staves
 + Level 6.9 Slings
 + Level 6.9 Bows
 + Level 6.9 Crossbows
 + Level 6.9 Throwing
 + Level 6.9 Armour
 + Level 8.4 Dodging
 + Level 6.9 Stealth
 + Level 6.9 Shields
 + Level 9.6 Unarmed Combat
 + Level 8.6 Spellcasting
 + Level 5.7 Conjurations
 + Level 5.7 Hexes
 + Level 5.7 Charms
 + Level 5.7 Summonings
 + Level 5.7 Necromancy
 + Level 5.7 Translocations
 + Level 7.0 Transmutations
 + Level 5.7 Fire Magic
 + Level 5.7 Ice Magic
 + Level 5.7 Air Magic
 + Level 5.7 Earth Magic
 + Level 5.7 Poison Magic
 + Level 7.6 Invocations
 + Level 6.9 Evocations


You had 14 spell levels left.
You knew the following spells:

 Your Spells              Type           Power        Failure   Level  Hunger
h - Blade Hands           Tmut           ######....   2%          5    ####...
k - Sticks to Snakes      Tmut           ######..     1%          2    None
p - Spider Form           Tmut/Pois      ######....   1%          3    None
t - Sticky Flame          Conj/Fire      #####...     1%          4    None


Dungeon Overview and Level Annotations

Branches:
Dungeon (11/15)            Temple (1/1) D:4             Orc (1/2) D:10
   Lair: D:8-11

Altars:
Ashenzari
Cheibriados
Gozag
Makhleb
Qazlal
Sif Muna
Uskayaw
Vehumet
Wu Jian
Xom

Shops:
D:9 (


Innate Abilities, Weirdness & Mutations

Your experience applies equally to all skills.
You have very sharp teeth.
Your uncanny sense of smell can sniff out nearby items.
You possess an exceptional clarity of mind.
You evolve.
You expend magic power (3 MP) to strengthen your wands.


Message History

Your cursed +0 pair of gloves melds into your body.
Your +0 buckler melds into your body.
The salamander hits you with a spear of piercing!
You are engulfed in flames!
Unknown command.
You slice the salamander!!
The salamander is heavily wounded.
The salamander hits you with a spear of piercing!
You are engulfed in flames!
* * * LOW HITPOINT WARNING * * *
x2 You hit the salamander.
The salamander is severely wounded.
You completely miss the salamander.
The salamander is severely wounded.
The salamander hits you with a spear of piercing!
* * * LOW HITPOINT WARNING * * *
You are engulfed in flames!
* * * LOW HITPOINT WARNING * * *
x2 You shred the salamander!!!
You kill the salamander!
Cheibriados appreciates the change of pace.
You can now step out of the time flow.
Cheibriados raises the support of your attributes as your movement slows.
Things that are here:
a spear of piercing; a salamander corpse You butcher the salamander corpse.
Things that are here:
a spear of piercing; a chunk of flesh
g - a chunk of flesh You see here a potion of might.
L - 5 potions of might (gained 1)
You see here 2 potions of resistance.
k - 3 potions of resistance (gained 2)
There is a rumble as the volcano erupts.
The roof shakes.
There is a rocky tunnel leading out of this place here.
Your hands revert to their normal proportions.
Your +3 dagger of draining unmelds from your body.
Your cursed +0 pair of gloves unmelds from your body.
Your +0 buckler unmelds from your body.
You sense an unholy aura.
Wield which item (- for none, * to show all)? (? for menu, Esc to quit)
Okay, then.
You feel protected.
Unknown command.
There is a rumble as the volcano erupts.
The roof shakes.
Unknown command.
There is a rocky tunnel leading out of this place here.
Unknown command.
Found 2 potions of brilliance.
Found a rocky tunnel leading out of this place.
There is a rumble as the volcano erupts.
The roof shakes.
The helpless salamander fails to defend itself.
You stick the salamander like a pincushion!!!
You kill the salamander!
Cheibriados appreciates the change of pace.
Your Transmutations skill increases to level 7!
You see here 13 gold pieces.
You now have 536 gold pieces (gained 13).
You see here 2 potions of brilliance.
I - 7 potions of brilliance (gained 2)
There is a rumble as the volcano erupts.
The roof shakes.
Things that are here:
a runed shortbow; 22 arrows; a salamander corpse Unknown command.
w - 144 arrows (gained 22)
There is a rumble as the volcano erupts.
The roof shakes.
A salamander comes into view. It is wielding a trident.
You start to feel less resistant.
The helpless salamander fails to defend itself.
You perforate the salamander like a sieve!!!!
You kill the salamander!
Cheibriados thoroughly appreciates the change of pace.
Things that are here:
a trident; a salamander corpse The volcano erupts!
Nearby, a roof collapses.
Your resistance to elements expires.
You see here 17 gold pieces.
You now have 553 gold pieces (gained 17).
As you read the scroll of teleportation, it crumbles to dust.
You feel strangely unstable.
Unknown command.
The volcano erupts!
Nearby, a roof collapses.
Your surroundings seem slightly different.
As you read the scroll of teleportation, it crumbles to dust.
You feel strangely unstable.
The volcano erupts!
Nearby, a roof collapses.
Your surroundings seem slightly different.
Evoke which item? (* to show all) (? for menu, Esc to quit)
Okay, then.
As you read the scroll of teleportation, it crumbles to dust.
You feel strangely unstable.
Unknown command.
Your surroundings flicker for a moment.
As you read the scroll of teleportation, it crumbles to dust.
You feel strangely unstable.
Your surroundings seem slightly different.
Unknown command.
As you read the scroll of teleportation, it crumbles to dust.
You feel strangely unstable.
Your surroundings seem slightly different.
Are you sure you want to abandon this character and quit the game? (Confirm with "yes".)

### ####
###.###..##
#)...∩###.###
###...####∩..#
∆∆.##.###..)###
#.####..###
###..#..# ∆∆
###....###
##@#....###∆∆∆∆
#.§..∩∩...#
∆∆.####......#...
∆∆
##)###...####.#
##.#.######..
##.[..# ..#
#.∩..## !).
###### ..# ##


There were no monsters in sight!

Vanquished Creatures
  Snorg (Orc:1)
  An ettin (Orc:1)
  An ogre mage (Orc:1)
  Erolcha (D:9)
  3 two-headed ogres
  The ghost of Frank the Carver, a novice OpFi of Gozag (D:9)
  An ugly thing (D:11)
  Joseph (D:8)
  3 salamanders (Volcano)
  2 centaur skeletons
  The ghost of Quirk the Shield-Bearer, a novice GnFi (D:4)
  A queen bee (D:11)
  2 trolls
  A hippogriff (D:10)
  Grinder (D:5)
  A wraith (Ossuary)
  Eustachio (D:4)
  2 hungry ghosts
  Edmund (D:4)
  A warg (Orc:1)
  2 water moccasins
  Duvessa (D:7)
  4 orc warriors
  A swamp drake (D:10)
  2 black bears (D:8)
  3 sky beasts
  A phantom (D:9)
  An eye of draining (D:10)
  4 ogres (Orc:1)
  4 centaurs
  5 bullfrogs
  Dowan (D:7)
  A scorpion (D:8)
  10 killer bees
  9 wights (D:10)
  6 howler monkeys
  3 crimson imps
  A bullfrog zombie (D:11)
  A hound (D:9)
  3 jellies
  A bullfrog skeleton (D:11)
  7 orc priests
  8 orc wizards
  An iguana (D:7)
  Natasha (thrice) (D:3)
  8 worker ants
  3 mummies (Ossuary)
  A howler monkey zombie (D:10)
  4 gnolls (D:6)
  8 adders
  An ooze (D:1)
  An adder skeleton (D:5)
  2 worms (D:3)
  4 dart slugs (D:1)
  6 leopard geckos
  37 orcs
  3 giant cockroaches
  5 goblins
  5 hobgoblins
  6 jackals (D:1)
  A quokka (D:7)
  2 ball pythons
  4 bats
  7 frilled lizards
  3 goblin zombies
  A hobgoblin zombie (Ossuary)
  A jackal skeleton (D:4)
  6 kobolds
  3 kobold zombies (Ossuary)
  5 rats
237 creatures vanquished.

Vanquished Creatures (collateral kills)
  A two-headed ogre (D:8)
  An ogre (D:10)
  A killer bee (D:7)
  3 worms
  A leopard gecko (Sewer)
  3 orcs (D:10)
  2 giant cockroaches
  A goblin (D:1)
  2 frilled lizards (Sewer)
  A rat (D:3)
16 creatures vanquished.

Vanquished Creatures (others)
  A hobgoblin zombie (Ossuary)
  A fungus (D:11)
2 creatures vanquished.

Grand Total: 255 creatures vanquished

Notes
Turn   | Place    | Note
-------+----------+-------------------------------------------
     0 | D:1      | tidbits the Gnoll Transmuter began the quest for the Orb.
     0 | D:1      | Reached XP level 1. HP: 17/17 MP: 6/6
    69 | D:1      | Reached XP level 2. HP: 18/23 MP: 5/7
   121 | D:1      | Learned a level 2 spell: Sticks to Snakes
   179 | D:1      | Reached XP level 3. HP: 16/28 MP: 2/9
   183 | D:1      | Reached skill level 5 in Spellcasting
   235 | D:1      | Learned a level 3 spell: Spider Form
   308 | D:1      | Reached skill level 1 in Invocations
   488 | D:2      | Reached skill level 1 in Short Blades
   488 | D:2      | Reached skill level 1 in Long Blades
   488 | D:2      | Reached skill level 1 in Axes
   488 | D:2      | Reached skill level 1 in Maces & Flails
   488 | D:2      | Reached skill level 1 in Polearms
   488 | D:2      | Reached skill level 1 in Staves
   488 | D:2      | Reached skill level 1 in Slings
   488 | D:2      | Reached skill level 1 in Bows
   488 | D:2      | Reached skill level 1 in Crossbows
   488 | D:2      | Reached skill level 1 in Throwing
   488 | D:2      | Reached skill level 1 in Armour
   488 | D:2      | Reached skill level 1 in Stealth
   488 | D:2      | Reached skill level 1 in Shields
   488 | D:2      | Reached skill level 1 in Evocations
   488 | D:2      | Reached XP level 4. HP: 24/34 MP: 4/11
   530 | D:3      | Found a glowing drain.
   572 | Sewer    | Entered a sewer
   625 | Sewer    | Noticed a bullfrog
   627 | Sewer    | Noticed a bullfrog
   631 | Sewer    | Killed a bullfrog
   631 | Sewer    | Reached skill level 1 in Conjurations
   631 | Sewer    | Reached skill level 1 in Hexes
   631 | Sewer    | Reached skill level 1 in Charms
   631 | Sewer    | Reached skill level 1 in Summonings
   631 | Sewer    | Reached skill level 1 in Necromancy
   631 | Sewer    | Reached skill level 1 in Translocations
   631 | Sewer    | Reached skill level 1 in Fire Magic
   631 | Sewer    | Reached skill level 1 in Ice Magic
   631 | Sewer    | Reached skill level 1 in Air Magic
   631 | Sewer    | Reached skill level 1 in Earth Magic
   631 | Sewer    | Reached skill level 1 in Poison Magic
   631 | Sewer    | Reached XP level 5. HP: 31/40 MP: 3/12
   636 | Sewer    | Reached skill level 3 in Fighting
   636 | Sewer    | Reached skill level 4 in Transmutations
   833 | D:3      | Noticed Natasha
   845 | D:3      | Killed Natasha
   845 | D:3      | Reached skill level 2 in Invocations
   845 | D:3      | Reached XP level 6. HP: 41/47 MP: 9/13
   872 | D:3      | Noticed Natasha
   890 | D:3      | Killed Natasha
   921 | D:3      | Found an opulent altar of Gozag.
   923 | D:3      | Found a hide-covered altar of Uskayaw.
   925 | D:3      | Found a shimmering altar of Xom.
   926 | D:3      | Found a shattered altar of Ashenzari.
   927 | D:3      | Found a deep blue altar of Sif Muna.
   946 | D:3      | Noticed Natasha
   953 | D:3      | Killed Natasha
   953 | D:3      | Reached skill level 5 in Dodging
  1018 | D:2      | Found a shimmering altar of Xom.
  1045 | D:3      | Gained mutation: You occasionally shout uncontrollably at your foes. [potion of mutation]
  1045 | D:3      | Gained mutation: Your flesh is cold resistant. (rC+) [potion of mutation]
  1045 | D:3      | Gained mutation: Your system is resistant to poisons. (rPois) [potion of mutation]
  1068 | D:4      | Reached skill level 2 in Short Blades
  1068 | D:4      | Reached skill level 2 in Long Blades
  1068 | D:4      | Reached skill level 2 in Axes
  1068 | D:4      | Reached skill level 2 in Maces & Flails
  1068 | D:4      | Reached skill level 2 in Polearms
  1068 | D:4      | Reached skill level 2 in Staves
  1068 | D:4      | Reached skill level 2 in Slings
  1068 | D:4      | Reached skill level 2 in Bows
  1068 | D:4      | Reached skill level 2 in Crossbows
  1068 | D:4      | Reached skill level 2 in Throwing
  1068 | D:4      | Reached skill level 2 in Armour
  1068 | D:4      | Reached skill level 2 in Stealth
  1068 | D:4      | Reached skill level 2 in Shields
  1068 | D:4      | Reached skill level 2 in Evocations
  1125 | D:5      | Entered Level 5 of the Dungeon
  1211 | D:4      | Noticed Eustachio
  1221 | D:4      | Killed Eustachio
  1221 | D:4      | Reached XP level 7. HP: 51/52 MP: 10/15
  1225 | D:4      | Noticed Edmund
  1239 | D:4      | Noticed Quirk's ghost (novice GnFi)
  1241 | D:4      | Killed Edmund
  1241 | D:4      | Reached skill level 7 in Unarmed Combat
  1241 | D:4      | Reached skill level 2 in Conjurations
  1241 | D:4      | Reached skill level 2 in Hexes
  1241 | D:4      | Reached skill level 2 in Charms
  1241 | D:4      | Reached skill level 2 in Summonings
  1241 | D:4      | Reached skill level 2 in Necromancy
  1241 | D:4      | Reached skill level 2 in Translocations
  1241 | D:4      | Reached skill level 2 in Fire Magic
  1241 | D:4      | Reached skill level 2 in Ice Magic
  1241 | D:4      | Reached skill level 2 in Air Magic
  1241 | D:4      | Reached skill level 2 in Earth Magic
  1241 | D:4      | Reached skill level 2 in Poison Magic
  1251 | D:4      | Found a staircase to the Ecumenical Temple.
  1262 | Temple   | Entered the Ecumenical Temple
  1273 | Temple   | Became a worshipper of Cheibriados the Contemplative
  1288 | Temple   | Learned a level 5 spell: Blade Hands
  1301 | D:4      | Killed Quirk's ghost
  1301 | D:4      | Reached skill level 3 in Invocations
  1301 | D:4      | Reached XP level 8. HP: 43/60 MP: 1/16
  1316 | D:4      | Lost mutation: Your flesh is cold resistant. (rC+) [potion of mutation]
  1316 | D:4      | Lost mutation: You occasionally shout uncontrollably at your foes. [potion of mutation]
  1316 | D:4      | Lost mutation: Your system is resistant to poisons. (rPois) [potion of mutation]
  1316 | D:4      | Gained mutation: You are weak. (Str -2) [potion of mutation]
  1316 | D:4      | Gained mutation: You possess an exceptional clarity of mind. [potion of mutation]
  1422 | D:5      | Reached skill level 4 in Fighting
  1422 | D:5      | Reached skill level 3 in Short Blades
  1422 | D:5      | Reached skill level 3 in Long Blades
  1422 | D:5      | Reached skill level 3 in Axes
  1422 | D:5      | Reached skill level 3 in Maces & Flails
  1422 | D:5      | Reached skill level 3 in Polearms
  1422 | D:5      | Reached skill level 3 in Staves
  1422 | D:5      | Reached skill level 3 in Slings
  1422 | D:5      | Reached skill level 3 in Bows
  1422 | D:5      | Reached skill level 3 in Crossbows
  1422 | D:5      | Reached skill level 3 in Throwing
  1422 | D:5      | Reached skill level 3 in Armour
  1422 | D:5      | Reached skill level 3 in Stealth
  1422 | D:5      | Reached skill level 3 in Shields
  1422 | D:5      | Reached skill level 3 in Evocations
  1502 | D:6      | Reached skill level 6 in Spellcasting
  1509 | D:6      | Reached * piety under Cheibriados
  1517 | D:6      | Found a sand-covered staircase.
  1588 | Ossuary  | Entered an ossuary
  1588 | Ossuary  | Noticed a wraith
  1588 | Ossuary  | Noticed a wraith
  1588 | Ossuary  | Noticed a wraith
  1673 | Ossuary  | Noticed a wraith
  1680 | Ossuary  | Killed a wraith
  1684 | Ossuary  | Lost mutation: You are weak. (Str -2) [potion of mutation]
  1684 | Ossuary  | Gained mutation: You expend magic power (3 MP) to strengthen your wands. [potion of mutation]
  1684 | Ossuary  | Gained mutation: You evolve. [potion of mutation]
  1855 | D:5      | Noticed Grinder
  1870 | D:5      | Killed Grinder
  1870 | D:5      | Reached skill level 3 in Conjurations
  1870 | D:5      | Reached skill level 3 in Hexes
  1870 | D:5      | Reached skill level 3 in Charms
  1870 | D:5      | Reached skill level 3 in Summonings
  1870 | D:5      | Reached skill level 3 in Necromancy
  1870 | D:5      | Reached skill level 3 in Translocations
  1870 | D:5      | Reached skill level 3 in Fire Magic
  1870 | D:5      | Reached skill level 3 in Ice Magic
  1870 | D:5      | Reached skill level 3 in Air Magic
  1870 | D:5      | Reached skill level 3 in Earth Magic
  1870 | D:5      | Reached skill level 3 in Poison Magic
  1870 | D:5      | Reached skill level 4 in Invocations
  1922 | D:7      | Got a smelly ring mail
  1960 | D:7      | Reached skill level 6 in Dodging
  1960 | D:7      | Reached XP level 9. HP: 58/66 MP: 10/18
  1984 | D:7      | Reached skill level 5 in Transmutations
  2003 | D:7      | Reached ** piety under Cheibriados
  2013 | D:7      | Noticed Duvessa
  2020 | D:7      | Noticed Dowan
  2030 | D:7      | Reached skill level 4 in Short Blades
  2030 | D:7      | Reached skill level 4 in Long Blades
  2030 | D:7      | Reached skill level 4 in Axes
  2030 | D:7      | Reached skill level 4 in Maces & Flails
  2030 | D:7      | Reached skill level 4 in Polearms
  2030 | D:7      | Reached skill level 4 in Staves
  2030 | D:7      | Reached skill level 4 in Slings
  2030 | D:7      | Reached skill level 4 in Bows
  2030 | D:7      | Reached skill level 4 in Crossbows
  2030 | D:7      | Reached skill level 4 in Throwing
  2030 | D:7      | Reached skill level 4 in Armour
  2030 | D:7      | Reached skill level 4 in Stealth
  2030 | D:7      | Reached skill level 4 in Shields
  2030 | D:7      | Reached skill level 4 in Evocations
  2036 | D:7      | Killed Duvessa
  2037 | D:7      | Killed Dowan
  2054 | D:7      | Identified the +1 ring mail of the Trees {MR+ Stlth+} (You found it on level 7 of the Dungeon)
  2060 | D:7      | Learned a level 4 spell: Sticky Flame
  2170 | D:8      | Reached skill level 5 in Fighting
  2178 | D:7      | Found a radiant altar of Vehumet.
  2247 | D:8      | Noticed Joseph
  2260 | D:8      | Killed Joseph
  2260 | D:8      | Reached skill level 8 in Unarmed Combat
  2264 | D:8      | Reached skill level 5 in Invocations
  2405 | D:8      | Noticed a two-headed ogre
  2417 | D:8      | Killed a two-headed ogre
  2417 | D:8      | Reached *** piety under Cheibriados
  2417 | D:8      | Reached skill level 7 in Spellcasting
  2417 | D:8      | Reached XP level 10. HP: 33/74 MP: 12/20
  2451 | D:8      | Reached skill level 4 in Conjurations
  2451 | D:8      | Reached skill level 4 in Hexes
  2451 | D:8      | Reached skill level 4 in Charms
  2451 | D:8      | Reached skill level 4 in Summonings
  2451 | D:8      | Reached skill level 4 in Necromancy
  2451 | D:8      | Reached skill level 4 in Translocations
  2451 | D:8      | Reached skill level 4 in Fire Magic
  2451 | D:8      | Reached skill level 4 in Ice Magic
  2451 | D:8      | Reached skill level 4 in Air Magic
  2451 | D:8      | Reached skill level 4 in Earth Magic
  2451 | D:8      | Reached skill level 4 in Poison Magic
  2498 | D:10     | Entered Level 10 of the Dungeon
  2570 | D:10     | Reached skill level 5 in Short Blades
  2570 | D:10     | Reached skill level 5 in Long Blades
  2570 | D:10     | Reached skill level 5 in Axes
  2570 | D:10     | Reached skill level 5 in Maces & Flails
  2570 | D:10     | Reached skill level 5 in Polearms
  2570 | D:10     | Reached skill level 5 in Staves
  2570 | D:10     | Reached skill level 5 in Slings
  2570 | D:10     | Reached skill level 5 in Bows
  2570 | D:10     | Reached skill level 5 in Crossbows
  2570 | D:10     | Reached skill level 5 in Throwing
  2570 | D:10     | Reached skill level 5 in Armour
  2570 | D:10     | Reached skill level 5 in Stealth
  2570 | D:10     | Reached skill level 5 in Shields
  2570 | D:10     | Reached skill level 5 in Evocations
  2599 | D:9      | Noticed Erolcha
  2611 | D:9      | Killed Erolcha
  2611 | D:9      | Reached skill level 7 in Dodging
  2723 | D:9      | Reached skill level 6 in Fighting
  2741 | D:9      | Found Geugid's Antique Weapon Shop.
  2741 | D:9      | Noticed Frank's ghost (novice OpFi)
  2760 | D:9      | Killed Frank's ghost
  2760 | D:9      | Reached skill level 6 in Transmutations
  2760 | D:9      | Reached skill level 6 in Invocations
  2785 | D:9      | Got a topaz-encrusted ring mail
  2796 | D:9      | Identified the +0 ring mail of Miracles {Dex+4} (You found it on level 9 of the Dungeon)
  2901 | D:10     | Reached **** piety under Cheibriados
  2969 | D:10     | Noticed a two-headed ogre
  2979 | D:10     | Killed a two-headed ogre
  2979 | D:10     | Reached XP level 11. HP: 83/83 MP: 3/22
  3033 | D:11     | Noticed a cyan ugly thing
  3057 | D:11     | Reached skill level 6 in Short Blades
  3057 | D:11     | Reached skill level 6 in Long Blades
  3057 | D:11     | Reached skill level 6 in Axes
  3057 | D:11     | Reached skill level 6 in Maces & Flails
  3057 | D:11     | Reached skill level 6 in Polearms
  3057 | D:11     | Reached skill level 6 in Staves
  3057 | D:11     | Reached skill level 6 in Slings
  3057 | D:11     | Reached skill level 6 in Bows
  3057 | D:11     | Reached skill level 6 in Crossbows
  3057 | D:11     | Reached skill level 6 in Throwing
  3057 | D:11     | Reached skill level 6 in Armour
  3057 | D:11     | Reached skill level 6 in Stealth
  3057 | D:11     | Reached skill level 6 in Shields
  3057 | D:11     | Reached skill level 9 in Unarmed Combat
  3057 | D:11     | Reached skill level 6 in Evocations
  3091 | D:10     | Reached skill level 5 in Conjurations
  3091 | D:10     | Reached skill level 5 in Hexes
  3091 | D:10     | Reached skill level 5 in Charms
  3091 | D:10     | Reached skill level 5 in Summonings
  3091 | D:10     | Reached skill level 5 in Necromancy
  3091 | D:10     | Reached skill level 5 in Translocations
  3091 | D:10     | Reached skill level 5 in Fire Magic
  3091 | D:10     | Reached skill level 5 in Ice Magic
  3091 | D:10     | Reached skill level 5 in Air Magic
  3091 | D:10     | Reached skill level 5 in Earth Magic
  3091 | D:10     | Reached skill level 5 in Poison Magic
  3170 | D:11     | Killed a cyan ugly thing
  3312 | D:10     | Reached skill level 8 in Spellcasting
  3354 | D:10     | Reached ***** piety under Cheibriados
  3366 | D:10     | Found a staircase to the Orcish Mines.
  3407 | Orc:1    | Entered Level 1 of the Orcish Mines
  3414 | Orc:1    | Noticed Snorg
  3428 | Orc:1    | Killed Snorg
  3439 | Orc:1    | Noticed a two-headed ogre
  3440 | Orc:1    | Reached skill level 7 in Invocations
  3446 | Orc:1    | Killed a two-headed ogre
  3446 | Orc:1    | Reached skill level 7 in Fighting
  3446 | Orc:1    | Reached skill level 8 in Dodging
  3455 | Orc:1    | Noticed a two-headed ogre
  3459 | Orc:1    | Noticed an ogre mage
  3463 | Orc:1    | Killed a two-headed ogre
  3465 | Orc:1    | Paralysed by an ogre mage for 3 turns
  3481 | Orc:1    | Killed an ogre mage
  3567 | Orc:1    | Noticed an ettin
  3571 | Orc:1    | Killed an ettin
  3571 | Orc:1    | Reached XP level 12. HP: 91/91 MP: 17/24
  3614 | Orc:1    | Found a dark tunnel.
  3619 | Volcano  | Entered a volcano
  3653 | Volcano  | Reached skill level 7 in Transmutations
  3701 | Volcano  | Quit the game

Skill      XL: |  1  2  3  4  5  6  7  8  9 10 11 12 |
---------------+-------------------------------------+-----
Spellcasting   | 5 6 7 8 |  8.6
Invocations    | 1 2 3 4 5 6 7 |  7.6
Short Blades   | 1 2 3 4 5 6 |  6.9
Long Blades    | 1 2 3 4 5 6 |  6.9
Axes           | 1 2 3 4 5 6 |  6.9
Maces & Flails | 1 2 3 4 5 6 |  6.9
Polearms       | 1 2 3 4 5 6 |  6.9
Staves         | 1 2 3 4 5 6 |  6.9
Slings         | 1 2 3 4 5 6 |  6.9
Bows           | 1 2 3 4 5 6 |  6.9
Crossbows      | 1 2 3 4 5 6 |  6.9
Throwing       | 1 2 3 4 5 6 |  6.9
Armour         | 1 2 3 4 5 6 |  6.9
Stealth        | 1 2 3 4 5 6 |  6.9
Shields        | 1 2 3 4 5 6 |  6.9
Evocations     | 1 2 3 4 5 6 |  6.9
Conjurations   | 1 2 3 4 5 |  5.7
Hexes          | 1 2 3 4 5 |  5.7
Charms         | 1 2 3 4 5 |  5.7
Summonings     | 1 2 3 4 5 |  5.7
Necromancy     | 1 2 3 4 5 |  5.7
Translocations | 1 2 3 4 5 |  5.7
Fire Magic     | 1 2 3 4 5 |  5.7
Ice Magic      | 1 2 3 4 5 |  5.7
Air Magic      | 1 2 3 4 5 |  5.7
Earth Magic    | 1 2 3 4 5 |  5.7
Poison Magic   | 1 2 3 4 5 |  5.7
Fighting       | 3 4 5 6 7 |  7.4
Transmutations | 4 5 6 7 |  7.0
Dodging        | 5 6 7 8 |  8.4
Unarmed Combat | 7 8 9 |  9.6

Action                   |  1- 3 |  4- 6 |  7- 9 | 10-12 || total
-------------------------+-------+-------+-------+-------++-------
Melee: Unarmed           |    72 |    98 |   121 |   147 ||   438
       Kick              |     7 |       |       |       ||     7
       Bite              |     4 |       |    14 |    17 ||    35
       Headbutt          |     3 |       |     4 |       ||     7
       Punch             |     1 |       |     9 |     7 ||    17
       Dagger            |       |     7 |    62 |    37 ||   106
 Fire: Hunting sling     |       |       |       |    13 ||    13
Throw: Javelin           |       |       |       |     8 ||     8
       Tomahawk          |       |       |       |     3 ||     3
 Cast: Beastly Appendage |     9 |       |     2 |       ||    11
       Sticks to Snakes  |     3 |     9 |    16 |    18 ||    46
       Spider Form       |     5 |    17 |     2 |     2 ||    26
       Blade Hands       |       |       |    19 |    21 ||    40
Invok: Bend Time         |       |       |       |     1 ||     1
       Slouch            |       |       |       |     3 ||     3
 Abil: End Transformatio |       |       |       |     3 ||     3
Evoke: Wand              |       |       |     1 |     8 ||     9
  Use: Scroll            |     4 |     6 |     9 |    10 ||    29
       Potion            |       |     3 |     9 |     6 ||    18
 Stab: Sleeping          |     1 |     2 |     3 |    11 ||    17
       Distracted        |       |     3 |     1 |     3 ||     7
       Invisible         |       |       |       |     5 ||     5
  Eat: Ration            |       |     1 |     1 |     2 ||     4
       Chunk             |       |     1 |     4 |     2 ||     7
Armor: Robe              |     8 |     2 |    12 |    27 ||    49
       Skin              |       |     2 |    48 |    16 ||    66
Dodge: Dodged            |    40 |    69 |    91 |   154 ||   354
Block: Buckler           |       |       |    18 |    20 ||    38

Table legend:
 A = Turns spent in this place as a percentage of turns spent in the entire game.
 B = Non-inter-level travel turns spent in this place as a percentage of non-inter-level travel turns spent in the entire game.
 C = Inter-level travel turns spent in this place as a percentage of turns spent in this place.
 D = Turns resting spent in this place as a percentage of non-inter-level travel turns spent in this place.
 E = Turns spent auto-exploring this place as a percentage of non-inter-level travel turns spent in this place.
 F = Non-inter-level travel turns spent in this place divided by the number of levels of this place that you've seen.
                   A       B       C       D       E      F
               +-------+-------+-------+-------+-------+----------------------
         Total | 100.0 | 100.0 |   0.2 |   0.0 |   0.0 | 230.9
       Dungeon |  78.7 |  78.7 |   0.2 |   0.0 |   0.0 | 264.2
        Temple |   0.8 |   0.8 |   0.0 |   0.0 |   0.0 |  28.0
  Orcish Mines |   5.7 |   5.7 |   0.0 |   0.0 |   0.0 | 212.0
         Sewer |   6.1 |   6.1 |   0.0 |   0.0 |   0.0 | 227.0
       Ossuary |   6.5 |   6.5 |   0.0 |   0.0 |   0.0 | 239.0
       Volcano |   2.2 |   2.2 |   0.0 |   0.0 |   0.0 |  82.0
               +-------+-------+-------+-------+-------+----------------------

Table legend:
 A = Kills in this place as a percentage of kills in entire the game.
 B = Kills by you in this place as a percentage of kills by you in the entire game.
 C = Kills by friends in this place as a percentage of kills by friends in the entire game.
 D = Other kills in this place as a percentage of other kills in the entire game.
 E = Experience gained in this place as a percentage of experience gained in the entire game.
 F = Experience gained in this place divided by the number of levels of this place that you have seen.
                   A       B       C       D       E      F
               +-------+-------+-------+-------+-------+----------------------
         Total | 100.0 | 100.0 | 100.0 |   N/A | 100.0 | 1324.7
       Dungeon |  79.1 |  78.9 |  81.2 |   N/A |  59.1 | 1139.1
  Orcish Mines |   8.7 |   9.3 |   0.0 |   N/A |  31.1 | 6598.0
         Sewer |   7.1 |   6.3 |  18.8 |   N/A |   1.0 | 218.0
       Ossuary |   4.0 |   4.2 |   0.0 |   N/A |   1.4 | 293.0
       Volcano |   1.2 |   1.3 |   0.0 |   N/A |   7.3 | 1556.0
               +-------+-------+-------+-------+-------+----------------------

Vault maps used:
D:1:      matt_arrival_refuge
D:2:      lemuel_upstairs_altar, uniq_jessica
D:3:      minitemple, cheibrodos_sewer_entry_bend, uniq_natasha
D:4:      temple_green, uniq_edmund, uniq_eustachio
D:5:      first_ration, uniq_grinder
D:6:      enter_ossuary_3, lexackson_kobold_supper, uniq_blork_the_orc
D:7:      vehumet_altar_wand_db, uniq_duvessa
D:8:      uniq_joseph
D:9:      serial_shops, nicolae_shop_statue_plus, uniq_erolcha
D:10:     erik_orc_1
D:11:     grunt_lair_entry_orc_guard_hut, david_nohive_1, kennysheep_nondescript
Temple:   eino_temple_scatter_basement
Orc:1:    nicolae_volcano_entry_s_turn, uniq_snorg
Sewer:    sewer_frog_island_01
Ossuary:  ossuary_kennysheep_city_of_the_dead
Volcano:  volcano_caves
